 Dungeon Crawl Stone Soup version 0.27-a0-1532-gca18f49f40 (webtiles) character file.

Game seed: 13511845139717855713

1830 dolemite99 the Spear-Bearer (level 9, -1/100 HPs)
             Began as a Merfolk Gladiator on July 13, 2021.
             Was a Priest of Trog.
             Succumbed to Duvessa's poison
             ... on level 6 of the Dungeon.
             The game lasted 00:08:20 (7181 turns).

dolemite99 the Spear-Bearer (Merfolk Gladiator)     Turns: 7181, Time: 00:08:21

Health: -1/100     AC: 11    Str: 17    XL:     9   Next: 11%
Magic:  9/9        EV:  7    Int:  8    God:    Trog [***...]
Gold:   166        SH:  3    Dex: 15    Spells: 8/8 levels left

rFire    . . .     SeeInvis .   a - +0 trident
rCold    . . .     Faith    .   x - +0 buckler
rNeg     . . .     Spirit   .   h - +0 chain mail
rPois    .         Reflect  .   s - +0 hat {Will+}
rElec    .         Harm     .   (no cloak)
rCorr    .         Rampage  .   t - +0 pair of gloves
Will     +++..                  G - +0 pair of boots
Stlth    ..........             (no amulet)
HPRegen  1.26/turn              (no ring)
MPRegen  0.11/turn              (no ring)

@: berserking (expiring), lethally poisoned (-1 -> -8), strong-willed,
regenerating, very quick
A: (nimble swimmer 2), mertail
a: Renounce Religion, Berserk, Trog's Hand


You were on level 6 of the Dungeon.
You worshipped Trog.
Trog was most pleased with you.
You visited 1 branch of the dungeon, and saw 6 of its levels.

You collected 224 gold pieces.
You spent 58 gold pieces at shops.

Inventory:

Hand Weapons
 a - a +0 trident (weapon)
 b - a +2 dagger of venom
 j - the +1 spear of Mandamus {vorpal, rPois}
   (You found it on level 1 of the Dungeon)

   It inflicts extra damage upon your enemies.
   rPois:     It protects you from poison.
 q - a +3 hunting sling
Missiles
 d - 5 throwing nets
 e - 339 stones (quivered)
 g - 43 bolts
 r - 30 arrows
 v - 23 sling bullets
Armour
 c - a +0 helmet
 h - a +0 chain mail (worn)
 s - a +0 hat of willpower (worn)
 t - a +0 pair of gloves (worn)
 x - a +0 buckler (worn)
 G - a +0 pair of boots (worn)
Jewellery
 F - a ring of positive energy
Wands
 z - a wand of flame (7)
Scrolls
 f - 4 scrolls of holy word
 i - a scroll of immolation {unknown}
 k - 2 scrolls of fog
 l - 3 scrolls of teleportation
 m - a scroll of amnesia {unknown}
 n - 3 scrolls of identify {@r1}
 o - 2 scrolls of vulnerability {unknown}
 p - a scroll of acquirement {unknown}
 y - a scroll of magic mapping {unknown}
Potions
 w - 3 potions of curing
 C - a potion of ambrosia {unknown}
 D - a potion of heal wounds {unknown}


   Skills:
 - Level 4.8 Fighting
 - Level 14.1 Polearms
 - Level 2.0 Throwing
 + Level 2.8 Armour
 - Level 4.0 Dodging


You had 8 spell levels left.
You didn't know any spells.
Your spell library contained the following spells:

 Spells                   Type           Power      Damage    Failure   Level
 Sting                    Tmut/Pois      0%         1d3       100%        1
 Poisonous Vapours        Pois/Air       0%         N/A       100%        2
 Olgreb's Toxic Radiance  Pois           0%         N/A       100%        4


Dungeon Overview and Level Annotations

Branches:
Dungeon (6/15)
 Temple: D:4-7

Altars:
Ashenzari
Elyvilon
Makhleb
Nemelex Xobeh
Ru
Trog
Yredelemnul

Shops:
D:5 [

Annotations:
D:6 Dowan


Innate Abilities, Weirdness & Mutations

((You are quick and stealthy near water. (Stealth+, EV+, Speed+++)))
Your lower body shifts to a powerful aquatic tail in water.


Message History

You block Dowan's attack.
You closely miss Duvessa.
Duvessa is heavily wounded.
* * * LOW HITPOINT WARNING * * *
You feel very sick. Duvessa hits you but does no damage.
You puncture Duvessa!
Duvessa is severely wounded.
* * * LOW HITPOINT WARNING * * *
You feel very sick.
Dowan smirks and points a slender finger.
Dowan hits you but does no damage.
You puncture Duvessa!
You kill Duvessa!
Trog accepts your kill.
Dowan's eyes darken. "You have made a black mistake."
Dowan seems to find hidden reserves of power!
* * * LOW HITPOINT WARNING * * *
You feel very sick. Dowan closely misses you.
You barely miss Dowan.
* * * LOW HITPOINT WARNING * * *
You feel sick.
You miss Dowan.
* * * LOW HITPOINT WARNING * * *
You feel sick. Dowan barely misses you.
Your chain mail prevents you from hitting Dowan.
* * * LOW HITPOINT WARNING * * *
You feel very sick.
You closely miss Dowan.
* * * LOW HITPOINT WARNING * * *
You feel sick. Dowan hits you but does no damage.
You impale Dowan!!
Dowan is severely wounded.
* * * LOW HITPOINT WARNING * * *
You feel sick. Dowan hits you with a +0 dagger.
* * * LOW HITPOINT WARNING * * *
You closely miss Dowan.
Dowan is severely wounded.
You die...

#.....#....######
#.....#....#
#.....#....######
####.##....#.....
#.##....#.#.).
######.##....#.#.##
#....>...........#
#.####.##....#...#
#e@)?#.......#.###
####.#.#####.#.#
#.......#.#
#.#######.# #.# #.#
#.# #.# #.#######.#
#.........#
###########


You could see Dowan (fast).

Vanquished Creatures
  Pikel (D:5)
  Eustachio (D:4)
  A steam dragon (D:5)
  Duvessa (D:6)
  A water moccasin (D:6)
  A sky beast (D:5)
  An ogre (D:6)
  A necrophage (D:5)
  4 lemures (D:5)
  A bullfrog (D:4)
  2 scorpions
  A howler monkey (D:4)
  A centaur zombie (D:4)
  A hound (D:6)
  A jelly (D:4)
  3 orc priests
  A hound skeleton (D:4)
  Robin (D:4)
  6 adders
  4 gnolls
  2 howler monkey skeletons
  A white imp (D:5)
  2 ufetubi
  An adder skeleton (D:4)
  3 worms (D:2)
  3 dart slugs
  8 orcs
  6 bats
  12 endoplasms
  2 giant cockroaches
  12 goblins
  8 hobgoblins
  7 jackals
  3 quokkas
  3 ball pythons
  3 frilled lizards
  8 kobolds
  9 rats
127 creatures vanquished.

Vanquished Creatures (others)
  A plant (D:5)
1 creature vanquished.

Grand Total: 128 creatures vanquished

Notes
Turn   | Place    | Note
-------+----------+-------------------------------------------
     0 | D:1      | dolemite99 the Merfolk Gladiator began the quest for the
                  | Orb.
     0 | D:1      | Reached XP level 1. HP: 16/16 MP: 1/1
    67 | D:1      | Reached skill level 5 in Polearms
   103 | D:1      | Reached XP level 2. HP: 19/22 MP: 2/2
   556 | D:1      | Found a faded altar of an unknown god.
   591 | D:1      | Identified the +1 spear of Mandamus {vorpal, rPois}
   622 | D:1      | Became a worshipper of Trog the Wrathful
   622 | D:1      | Reached * piety under Trog
   702 | D:1      | Reached skill level 6 in Polearms
   702 | D:1      | Reached XP level 3. HP: 21/27 MP: 3/3
  1068 | D:2      | Found a burning altar of Makhleb.
  1493 | D:2      | Reached skill level 7 in Polearms
  1493 | D:2      | Reached XP level 4. HP: 33/33 MP: 4/4
  2586 | D:3      | Reached ** piety under Trog
  2594 | D:3      | Found a basalt altar of Yredelemnul.
  2725 | D:3      | Reached skill level 8 in Polearms
  2839 | D:3      | Reached XP level 5. HP: 25/38 MP: 5/5
  3289 | D:3      | Found a white marble altar of Elyvilon.
  3500 | D:4      | Reached skill level 9 in Polearms
  3506 | D:4      | Found a sacrificial altar of Ru.
  3670 | D:4      | Reached XP level 6. HP: 44/44 MP: 6/6
  3701 | D:4      | Reached skill level 10 in Polearms
  3958 | D:4      | Noticed Eustachio
  4029 | D:5      | Entered Level 5 of the Dungeon
  4307 | D:4      | Killed Eustachio
  4308 | D:4      | Reached skill level 11 in Polearms
  4308 | D:4      | Reached XP level 7. HP: 41/50 MP: 7/7
  4430 | D:4      | Noticed Robin
  4444 | D:4      | Killed Robin
  4617 | D:4      | Reached *** piety under Trog
  5071 | D:5      | Noticed a steam dragon
  5085 | D:5      | Killed a steam dragon
  5086 | D:5      | Reached skill level 12 in Polearms
  5641 | D:5      | Found a broken altar of Ashenzari.
  5645 | D:5      | Saw a vision of the Swamp and the Snake Pit.
  5645 | D:5      | Noticed a will-o-the-wisp
  5645 | D:5      | Noticed an alligator
  5645 | D:5      | Noticed a vampire mosquito
  5645 | D:5      | Noticed a vampire mosquito
  5645 | D:5      | Noticed a black mamba
  5645 | D:5      | Noticed a naga mage
  5645 | D:5      | Noticed a salamander
  5645 | D:5      | Noticed a naga sharpshooter
  5645 | D:5      | Noticed a guardian serpent
  5645 | D:5      | Noticed a naga sharpshooter
  5645 | D:5      | Noticed a naga
  5645 | D:5      | Noticed a naga sharpshooter
  5645 | D:5      | Noticed a naga warrior
  5697 | D:5      | Noticed Pikel
  5715 | D:5      | Killed Pikel
  5716 | D:5      | Reached skill level 14 in Polearms
  5716 | D:5      | Reached XP level 8. HP: 50/56 MP: 8/8
  5873 | D:5      | Found a sparkling altar of Nemelex Xobeh.
  6250 | D:5      | Found Muceg's Armour Emporium.
  6258 | D:5      | Bought a +0 pair of boots for 58 gold pieces
  6880 | D:6      | Reached skill level 1 in Armour
  7069 | D:6      | Reached XP level 9. HP: 67/67 MP: 9/9
  7160 | D:6      | Noticed Duvessa
  7166 | D:6      | Noticed Dowan
  7175 | D:6      | Killed Duvessa
  7179 | D:6      | HP: 5/100 [poisoned by Duvessa]
  7180 | D:6      | HP: 1/100 [Dowan (3)]
  7181 | D:6      | Succumbed to Duvessa's poison

Illustrated notes

Levels and vault maps discovered:
D:1:      lemuel_arrival_cross, layout_basic, hellmonk_ecumenical_altar_lost_god
D:2:      layout_loops_corners, basic_altar
D:3:      layout_loops_cross, kennysheep_ying_yang, serial_rivers,
          chequers_serial_rivers_room_b, chequers_serial_rivers_small_b,
          chequers_serial_rivers_small_3, chequers_serial_rivers_micro_b,
          chequers_serial_rivers_room_b, chequers_avenue,
          minmay_tree_intersection, grunt_ministairs_4
D:4:      layout_loops_ring, nicolae_ru_awakened_eye, uniq_eustachio, uniq_robin
D:5:      layout_basic, grunt_ashenzari_visionary
          [grunt_ashenzari_visionary_swamp, grunt_ashenzari_visionary_snake],
          nemelex_xobeh_ov_fountains_minmay, serial_shops, shop, uniq_pikel
D:6:      layout_basic, uniq_duvessa

Skill      XL: |  1  2  3  4  5  6  7  8 |
---------------+-------------------------+-----
Polearms       | 5 6 7 8 9 11 14 | 14.1
Fighting       | 4 |  4.8
Armour         | 2 |  2.8
Throwing       | |  2.0
Dodging        | |  4.0

Action                   |  1- 3 |  4- 6 |  7- 9 || total
-------------------------+-------+-------+-------++-------
Melee: Trident           |   105 |   197 |   170 ||   472
       Dagger            |       |    21 |    35 ||    56
Throw: Stone             |     3 |    38 |    28 ||    69
Invok: Berserk           |       |     2 |     5 ||     7
       Trog's Hand       |       |     2 |     3 ||     5
  Use: Scroll            |       |       |     5 ||     5
 Stab: Distracted        |       |     1 |       ||     1
Armor: Leather armour    |     5 |       |       ||     5
       Chain mail        |    38 |   113 |    77 ||   228
Dodge: Dodged            |    45 |    70 |    52 ||   167
Block: Buckler           |       |       |     5 ||     5

Table legend: (Time is in decaauts)
 A = Elapsed time spent in this place.
 B = Non-inter-level travel time spent in this place.
 C = Inter-level travel time spent in this place.
 D = Time resting spent in this place.
 E = Time spent auto-exploring this place.
 F = Levels seen in this place.
 G = Mean time per level.
                   A        B        C        D        E       F      G
               +--------+--------+--------+--------+--------+-----+--------+
         Total |   7143 |   6928 |    215 |   1661 |   3960 |   6 | 1190.5 |
       Dungeon |   7143 |   6928 |    215 |   1661 |   3960 |   6 | 1190.5 |
               +--------+--------+--------+--------+--------+-----+--------+

Top non-repeatable levels by time:
     D:5: 1805 daAuts
     D:2: 1472 daAuts
     D:4: 1101 daAuts
     D:3: 1061 daAuts
     D:1: 931 daAuts
     D:6: 770 daAuts
